 Dungeon Crawl Stone Soup version 0.24.0-41-g2ae2f7f1be (webtiles) character file.

Game seed: 14017213605070559443, levelgen mode: deterministic

591934 Iamsoldier the Hoplite (level 25, -20/223 HPs)
             Began as a Minotaur Fighter on Dec 9, 2019.
             Was the Champion of Okawaru.
             Demolished by an Orb Guardian (49 damage)
             ... on level 5 of the Realm of Zot on Dec 10, 2019.
             The game lasted 02:57:02 (61545 turns).

Iamsoldier the Hoplite (Minotaur Fighter)          Turns: 61545, Time: 02:57:02

Health: -20/223    AC: 36    Str: 37    XL:     25   Next: 69%
Magic:  27/27      EV: 22    Int:  7    God:    Okawaru [******]
Gold:   2401       SH: 38    Dex: 17    Spells: 24/24 levels left

rFire    + + +     SeeInvis +   b - +9 morningstar of Peprotergh {vamp, rF++}
rCold    + + +     Gourm    .   e - +2 large shield {AC+3}
rNeg     + . .     Faith    .   O - +7 gold dragon scales
rPois    +         Spirit   .   S - +1 hat {MR+}
rElec    .         Reflect  +   W - +2 cloak "Yjiprevo" {rC+ rCorr Int+2 SInv}
rCorr    +         Harm     .   c - +2 pair of gloves {Str+3}
MR       ++...     Rnd*Tele +   i - +0 pair of boots "Depoq" {*Drain rF- rC+++ Str+8}
Stlth    ..........             y - brooch of Shielding {Reflect SH+8}
HPRegen  0.47/turn              H - ring "Exiuz" {rF+ rN+}
MPRegen  0.20/turn              Y - ring of Amal {Dex+2 Slay+4}

@: about to teleport, corroded, studying Evocations
A: retaliatory headbutt, claws 1, horns 2, blink, clumsy 1, deformed body, frail
1, low mp 1, teleportitis 1
}: 4/15 runes: decaying, slimy, silver, gossamer
a: Blink, Heroism, Finesse, Renounce Religion


You were on level 5 of the Realm of Zot.
You worshipped Okawaru.
Okawaru was exalted by your worship.
You were very full.

You visited 10 branches of the dungeon, and saw 54 of its levels.
You visited the Abyss 1 time.
You visited 1 bazaar.
You also visited: Trove, Ossuary, Gauntlet and Wizlab.

You collected 6967 gold pieces.
You spent 4566 gold pieces at shops.

Inventory:

Hand Weapons
 a - a +9 eveningstar of crushing
 b - the +9 morningstar of Peprotergh (weapon) {vamp, rF++}
   (Okawaru gifted it to you on level 3 of the Pits of Slime)

   It inflicts no extra harm, but heals its wielder when it wounds a living foe.
   It greatly protects you from fire.
Armour
 c - a +2 pair of gloves of strength (worn)
 e - a +2 large shield of protection (worn)
 i - the +0 pair of boots "Depoq" (worn) {*Drain rF- rC+++ Str+8}
   (You found it in a Gauntlet)

   It affects your strength (+8).
   It makes you vulnerable to fire.
   It renders you almost immune to cold.
   It causes draining when unequipped.
 O - +7 gold dragon scales (worn)
 S - a +1 hat of magic resistance (worn)
 W - the +2 cloak "Yjiprevo" (worn) {rC+ rCorr Int+2 SInv}
   (You found it in a Gauntlet)

   It affects your intelligence (+2).
   It protects you from cold.
   It lets you see invisible.
   It provides partial protection from all sources of acid and corrosion.
Jewellery
 y - the brooch of Shielding (around neck) {Reflect SH+8}
   (You took it off a deep elf knight on level 3 of the Elven Halls)

   [amulet of reflection]

   It shields you and reflects attacks.
   It affects your SH (+8).
 D - an uncursed ring of protection from magic
 H - the ring "Exiuz" (left hand) {rF+ rN+}
   (You found it on level 5 of the Pits of Slime)

   [ring of positive energy]

   It protects you from fire.
   It protects you from negative energy.
 Y - the ring of Amal (right hand) {Dex+2 Slay+4}
   (You took it off an orc sorcerer on level 2 of the Depths)

   [ring of slaying]

   It affects your dexterity (+2).
   It affects your accuracy and damage with ranged weapons and melee attacks
   (+4).
Wands
 s - a wand of acid (51)
 u - a wand of digging (26)
 v - a wand of clouds (3)
 E - a wand of paralysis (34)
 L - a wand of scattershot (3)
 N - a wand of polymorph (55)
 P - a wand of iceblast (56)
 U - a wand of disintegration (43)
 V - a wand of enslavement (6)
 X - a wand of flame (66)
Scrolls
 j - 7 scrolls of amnesia
 n - 9 scrolls of fog
 p - 2 scrolls of enchant armour
 r - 26 scrolls of identify
 t - 3 scrolls of holy word
 z - 23 scrolls of teleportation
 B - 3 scrolls of silence
 F - 23 scrolls of remove curse
 G - 5 scrolls of fear
 J - 6 scrolls of magic mapping
 M - 8 scrolls of blinking
Potions
 f - 12 potions of flight
 g - 2 potions of heal wounds
 h - 22 potions of curing
 k - 10 potions of haste
 l - 9 potions of resistance
 q - 3 potions of mutation
 w - 2 potions of invisibility
 x - 3 potions of cancellation
 I - 3 potions of ambrosia
 K - 10 potions of lignification
 Q - 3 potions of brilliance
 R - a potion of agility
 T - 3 potions of might
 Z - 4 potions of berserk rage
Books
 A - a manual of Evocations
Comestibles
 d - 83 rations
 m - 5 chunks of flesh


   Skills:
 + Level 24.8 Fighting
 - Level 16.0 Maces & Flails
 + Level 24.7 Armour
 + Level 21.6 Dodging
 - Level 25.0 Shields
 - Level 9.0 Invocations
 - Level 11.0 Evocations


You had 24 spell levels left.
You didn't know any spells.
Your spell library contained the following spells:

 Spells                   Type           Power        Failure   Level  Hunger
 Animate Skeleton         Necr           N/A          91%         1    ##.....
 Apportation              Tloc           #.....       91%         1    ##.....
 Confusing Touch          Hex            #.....       91%         1    ##.....
 Corona                   Hex            #......      91%         1    ##.....
 Flame Tongue             Conj/Fire      #....        91%         1    ##.....
 Freeze                   Ice            #...         91%         1    ##.....
 Infusion                 Chrm           #...         91%         1    ##.....
 Magic Dart               Conj           #...         91%         1    ##.....
 Pain                     Necr           #...         91%         1    ##.....
 Sandblast                Erth           #.....       91%         1    ##.....
 Shock                    Conj/Air       #...         91%         1    ##.....
 Sting                    Conj/Pois      #...         91%         1    ##.....
 Summon Butterflies       Summ           #.......     91%         1    ##.....
 Summon Small Mammal      Summ           #...         91%         1    ##.....
 Blink                    Tloc           N/A          97%         2    ###....
 Call Imp                 Summ           #.......     97%         2    ###....
 Corpse Rot               Necr           N/A          97%         2    ###....
 Ensorcelled Hibernation  Hex/Ice        #.....       97%         2    ###....
 Passwall                 Tmut/Erth      #.......     97%         2    ###....
 Shroud of Golubria       Chrm/Tloc      #.....       97%         2    ###....
 Slow                     Hex            #.......     97%         2    ###....
 Song of Slaying          Chrm           #.......     97%         2    ###....
 Sticks to Snakes         Tmut           #.......     97%         2    ###....
 Sublimation of Blood     Necr           #.........   97%         2    ###....
 Swiftness                Chrm/Air       #.......     97%         2    ###....
 Throw Flame              Conj/Fire      #.....       97%         2    ###....
 Throw Frost              Conj/Ice       #.....       97%         2    ###....
 Call Canine Familiar     Summ           #.......     100%        3    ####...
 Confuse                  Hex            #.......     100%        3    ####...
 Conjure Flame            Conj/Fire      #.......     100%        3    ####...
 Dazzling Spray           Conj/Hex       #.....       100%        3    ####...
 Gell's Gravitas          Tloc           #.........   100%        3    ####...
 Ignite Poison            Fire/Tmut/Pois #.......     100%        3    ####...
 Inner Flame              Hex/Fire       #.......     100%        3    ####...
 Lesser Beckoning         Tloc           #.........   100%        3    ####...
 Mephitic Cloud           Conj/Pois/Air  #.......     100%        3    ####...
 Ozocubu's Armour         Chrm/Ice       #.......     100%        3    ####...
 Portal Projectile        Hex/Tloc       #.....       100%        3    ####...
 Recall                   Summ/Tloc      N/A          100%        3    ####...
 Regeneration             Chrm/Necr      #.........   100%        3    ####...
 Spectral Weapon          Hex/Chrm       #.......     100%        3    ####...
 Stone Arrow              Conj/Erth      #.....       100%        3    ####...
 Summon Guardian Golem    Hex/Summ       #.......     100%        3    ####...
 Teleport Other           Tloc           #.......     100%        3    ####...
 Tukima's Dance           Hex            #.......     100%        3    ####...
 Vampiric Draining        Necr           #.........   100%        3    ####...
 Airstrike                Air            #.........   100%        4    #####..
 Animate Dead             Necr           N/A          100%        4    #####..
 Cause Fear               Hex            #.........   100%        4    #####..
 Force Lance              Conj/Tloc      #.......     100%        4    #####..
 Ice Form                 Ice/Tmut       #.......     100%        4    #####..
 Iskenderun's Mystic Bla  Conj           #.......     100%        4    #####..
 Leda's Liquefaction      Hex/Erth       #.........   100%        4    #####..
 Passage of Golubria      Tloc           N/A          100%        4    #####..
 Petrify                  Tmut/Erth      #.......     100%        4    #####..
 Sticky Flame             Conj/Fire      #.......     100%        4    #####..
 Summon Ice Beast         Ice/Summ       #.......     100%        4    #####..
 Summon Lightning Spire   Summ/Air       #.......     100%        4    #####..
 Throw Icicle             Conj/Ice       #.......     100%        4    #####..
 Agony                    Necr           #.......     100%        5    ######.
 Aura of Abjuration       Summ           #.........   100%        5    ######.
 Bolt of Draining         Conj/Necr      #.........   100%        5    ######.
 Bolt of Magma            Conj/Fire/Erth #.........   100%        5    ######.
 Dispel Undead            Necr           #.......     100%        5    ######.
 Excruciating Wounds      Chrm/Necr      #.........   100%        5    ######.
 Fireball                 Conj/Fire      #.........   100%        5    ######.
 Irradiate                Conj/Tmut      #.........   100%        5    ######.
 Iskenderun's Battlesphe  Conj/Chrm      #.......     100%        5    ######.
 Lee's Rapid Deconstruct  Erth           #.........   100%        5    ######.
 Lightning Bolt           Conj/Air       #.........   100%        5    ######.
 Metabolic Englaciation   Hex/Ice        #.........   100%        5    ######.
 Summon Demon             Summ           #.........   100%        5    ######.
 Summon Forest            Summ/Tloc      #.........   100%        5    ######.
 Summon Mana Viper        Hex/Summ       #.......     100%        5    ######.
 Yara's Violent Unravell  Hex/Tmut       #.........   100%        5    ######.
 Bolt of Cold             Conj/Ice       #.........   100%        6    #######
 Bolt of Fire             Conj/Fire      #.........   100%        6    #######
 Conjure Ball Lightning   Conj/Air       #.........   100%        6    #######
 Darkness                 Hex            #.........   100%        6    #######
 Death Channel            Necr           #.........   100%        6    #######
 Deflect Missiles         Chrm/Air       #.........   100%        6    #######
 Dispersal                Tloc           #.........   100%        6    #######
 Freezing Cloud           Conj/Ice/Air   #.........   100%        6    #######
 Hydra Form               Tmut           #.........   100%        6    #######
 Invisibility             Hex            #.......     100%        6    #######
 Iron Shot                Conj/Erth      #.........   100%        6    #######
 Ozocubu's Refrigeration  Ice            #.........   100%        6    #######
 Poison Arrow             Conj/Pois      #.........   100%        6    #######
 Shadow Creatures         Summ           N/A          100%        6    #######
 Simulacrum               Ice/Necr       #.........   100%        6    #######
 Statue Form              Tmut/Erth      #........    100%        6    #######
 Dragon Form              Tmut           #.........   100%        7    #######
 Malign Gateway           Summ/Tloc      #.........   100%        7    #######
 Monstrous Menagerie      Summ           #.........   100%        7    #######
 Ring of Flames           Chrm/Fire      #.........   100%        7    #######
 Spellforged Servitor     Conj/Summ      #.........   100%        7    #######
 Summon Greater Demon     Summ           #.........   100%        7    #######
 Summon Hydra             Summ           #.........   100%        7    #######
 Chain Lightning          Conj/Air       #.........   100%        8    #######
 Controlled Blink         Tloc           N/A          100%        8    #######
 Ignition                 Fire           #.........   100%        8    #######
 Lehudib's Crystal Spear  Conj/Erth      #.........   100%        8    #######
 Summon Horrible Things   Summ           #.........   100%        8    #######
 Dragon's Call            Summ           #.........   100%        9    #######
 Fire Storm               Conj/Fire      #.........   100%        9    #######
 Glaciate                 Conj/Ice       #.........   100%        9    #######
 Shatter                  Erth           #.........   100%        9    #######


Dungeon Overview and Level Annotations

Branches:
Dungeon (15/15)            Temple (0/1) D:4            Lair (6/6) D:11
  Swamp (4/4) Lair:3       Spider (4/4) Lair:4        Slime (5/5) Lair:6
    Orc (2/2) D:9             Elf (3/3) Orc:2        Vaults (5/5) D:14
  Crypt (0/3) Vaults:2     Depths (5/5) D:15            Zot (5/5) Depths:5
Ossuary (visited)          WizLab (visited)         Gauntlet (visited)

Altars:
Cheibriados
Dithmenos
Elyvilon
Gozag
Hepliaklqana
Kikubaaqudgha
Makhleb
Okawaru
Ru
Sif Muna
Uskayaw
Vehumet
Yredelemnul
Zin
The Shining One
Beogh
Jiyva

Shops:
D:6 }*   D:14 *   Orc:2 ?}((   Vaults:2 [(%(   Vaults:3 [(:%   Vaults:4 ==?:[*

Portals:
Hell: Depths:1 Depths:2 Depths:3 Depths:4 Depths:5
Abyss: Depths:1 Depths:2 Depths:4
Pandemonium: Depths:3
Ziggurat: Depths:2

Annotations:
D:10 3 runed translucent doors, Ukyar's ghost, journeyman TrFi
Depths:3 2 transporters
Zot:3 2 transporters, exclusion: orange crystal statue


Innate Abilities, Weirdness & Mutations

You reflexively headbutt those who attack you in melee.
You have a pair of horns on your head.
You have sharp fingernails.
You can translocate small distances at will.
You are clumsy. (Dex -2)
Armour fits poorly on your strangely shaped body.
You are frail. (-10% HP)
Your magical capacity is low. (-10% MP)
You are occasionally teleported next to monsters.


Message History

You are poisoned.
You resist.
The storm dragon breathes lightning at you.
The bolt of lightning misses you.
You feel sick.
You feel sick.
The Orb Guardian is engulfed in poison gas.
The Orb Guardian is poisoned.
You feel better. You block the Orb Guardian's attack.
The black draconian stormcaller calls down the wrath of Qazlal upon you.
Qazlal smites you!
* * * LOW HITPOINT WARNING * * *
The red draconian breathes flames at you.
The searing blast misses you. The Orb Guardian hits you!!
* * * LOW HITPOINT WARNING * * *
You block the storm dragon's attack. The storm dragon claws you.
* * * LOW HITPOINT WARNING * * *
You block the storm dragon's attack. The Orb Guardian hits you!!!
You die...

..........§.§..§.....▓▓
......§.............▓▓
......§.........^..▓▓
.....§§.............▓▓
.^..q.....d..........▓▓
.....d......q^d.......▓
.q.............q......▓
....y^...○...○○DX....▓▓
▓....X....○.°..X@...▓▓
▓▓▓▓qX..^[.d°°☼○○▓▓▓▓
▓▓▓▓▓▓▓▓▓▓▓▓▓▓▓


You could see a purple draconian monk, a storm dragon, a green draconian, 2
draconians, a black draconian stormcaller and 2 Orb Guardians.

Vanquished Creatures
  the Royal Jelly (Slime:5)
  Mennas (Vaults:3)
  An ancient lich (Depths:4)
  the Lernaean hydra (Swamp:4)
  A Killer Klown (Zot:2)
  5 golden dragons
  Nikola (Depths:1)
  A bone dragon (Depths:5)
  2 electric golems (Zot:1)
  5 tentacled monstrosities
  7 liches
  3 deep elf blademasters
  6 quicksilver dragons
  3 Orb Guardians (Zot:5)
  A titan (Vaults:5)
  Asterion (Vaults:3)
  23 acid blobs
  3 death cobs
  3 thorn hunters
  2 sphinxes
  Kirke (Elf:1)
  9 storm dragons
  5 shadow dragons
  Roxanne (Swamp:1)
  A daeva (Abyss:4)
  5 tengu reavers
  7 fire giants
  Donald (Spider:1)
  8 azure jellies
  13 frost giants
  9 emperor scorpions
  6 ghost moths
  A balrug (Depths:1)
  14 vault wardens
  8 deep elf sorcerers
  A draconian scorcher (Zot:1)
  2 angels (Depths:2)
  Louise (Depths:2)
  8 deep elf elementalists
  A draconian knight (Zot:1)
  3 draconian shifters
  A curse skull (Vaults:2)
  5 spriggan defenders (Depths:5)
  9 ironheart preservers
  3 draconian stormcallers (Zot:1)
  3 war gargoyles
  17 stone giants
  5 entropy weavers
  22 very ugly things
  3 draconian annihilators
  Nessos (D:12)
  3 black draconians
  2 green draconians
  A vampire knight (Vaults:2)
  A red draconian (Zot:1)
  A minotaur (Gauntlet)
  3 purple draconians
  8 deep elf annihilators
  Azrael (Spider:1)
  5 spark wasps
  2 deep elf demonologists
  2 yellow draconians
  9 white draconians
  16 ettins
  A merfolk javelineer (Depths:1)
  An eidolon (WizLab)
  2 jiangshi (Depths:1)
  7 death oozes
  The ghost of Deesahac the Severer, a journeyman BaFi of Cheibriados (Lair:3)
  7 fire dragons
  A quicksilver dragon zombie (Vaults:5)
  10 deep elf death magi
  9 deep elf high priests
  15 ogre magi
  15 yaktaur captains
  23 hydras
  15 great orbs of eyes
  12 ice dragons
  30 vault guards
  3 spriggan air magi
  4 rakshasas
  A ghost crab (Swamp:4)
  Fannar (D:12)
  17 two-headed ogres
  18 alligators
  30 dancing weapons
  4 centaur warriors
  A shambling mangrove (Swamp:3)
  3 death yaks (Lair:5)
  9 deep troll shamans
  6 vampire magi
  5 tengu warriors
  A titan zombie (Vaults:4)
  6 deep troll earth magi
  Urug (D:12)
  3 spriggan berserkers
  A thrashing horror (WizLab)
  19 deep elf knights
  An orc high priest (Orc:2)
  6 shadow wraiths
  Nergalle (D:12)
  2 sun demons (Depths:1)
  4 iron trolls
  36 deep trolls
  2 spriggan druids (Swamp:4)
  11 swamp dragons
  6 glowing orange brains
  9 wizards
  2 unseen horrors
  A flayed ghost (Depths:1)
  12 deep elf archers
  5 large abominations
  7 ironbrand convokers
  2 obsidian statues
  5 phantasmal warriors (Vaults:5)
  9 orc knights
  Pikel (D:9)
  5 necromancers
  2 fire giant zombies
  2 harpies
  13 orb spiders
  A human zombie (Vaults:5)
  A wolf spider zombie (D:15)
  A stone giant zombie (Vaults:3)
  A cyclops (shapeshifter) (Depths:5)
  27 ugly things
  4 cyclopes
  8 shining eyes
  41 wolf spiders
  59 deep elf magi
  3 manticores
  16 orc sorcerers
  A tengu skeleton (Vaults:3)
  Maurice (Orc:2)
  2 sphinx skeletons
  11 moths of wrath
  6 elephants (Lair:5)
  2 worldbinders (WizLab)
  A black mamba (Lair:5)
  12 vault sentinels
  2 black mambas (shapeshifter)
  A guardian serpent (WizLab)
  A water nymph (shapeshifter) (Vaults:1)
  4 torpor snails
  3 eyes of devastation
  32 spiny frogs
  A gargoyle (D:12)
  4 rime drakes
  5 spectral swamp worms (Depths:5)
  3 freezing wraiths
  A minotaur zombie (Gauntlet)
  7 komodo dragons
  A spark wasp simulacrum (Depths:2)
  A yaktaur zombie (Vaults:3)
  2 efreet
  5 tengu conjurers
  27 yaktaurs
  26 demonic crawlers
  A hellwing (WizLab)
  A human skeleton (Vaults:4)
  3 ancient zymes
  A queen bee (Gauntlet)
  A red devil (WizLab)
  27 jumping spiders
  9 tyrant leeches
  3 meliai (D:13)
  3 trolls
  2 polar bears
  29 hornets
  Prince Ribbit (D:9)
  86 slime creatures
  A raiju (shapeshifter) (Depths:1)
  A dream sheep (shapeshifter) (Vaults:1)
  2 hornets (shapeshifter)
  13 bog bodies
  21 blink frogs
  9 dream sheep
  15 hippogriffs
  A hippogriff (shapeshifter) (Vaults:2)
  A flying skull (Vaults:2)
  A vampire (D:13)
  A shadow (D:15)
  A wraith (D:12)
  70 redbacks
  15 spriggans
  A tarantella (shapeshifter) (Depths:2)
  3 water elementals
  23 yaks
  An ettin skeleton (Depths:2)
  8 fire elementals
  34 tarantellas
  6 wyverns
  A fire bat (shapeshifter) (Depths:3)
  5 air elementals
  26 golden eyes
  A wyvern (shapeshifter) (Vaults:2)
  2 hungry ghosts
  3 humans (shapeshifter)
  3 basilisks
  5 spatial vortices (WizLab)
  A chaos spawn (Abyss:4)
  20 vampire mosquitoes
  2 acid dragons
  21 swamp worms
  12 insubstantial wisps
  5 wargs
  3 soldier ants
  A monstrous demonspawn skeleton (WizLab)
  2 hell hounds
  A floating eye (Slime:5)
  A soldier ant (shapeshifter) (Vaults:1)
  15 water moccasins
  6 porcupines
  22 swamp drakes
  5 ice beasts
  32 orc warriors
  2 phantoms
  4 sky beasts
  3 black bears
  11 eyes of draining
  2 necrophages
  38 ogres
  An ettin simulacrum (Vaults:4)
  13 boggarts
  14 wolves
  8 centaurs
  6 crocodiles
  5 small abominations
  An elf simulacrum (Vaults:5)
  A crocodile (shapeshifter) (Vaults:5)
  5 big kobolds
  38 bullfrogs
  An elf zombie (Ossuary)
  5 scorpions
  13 killer bees
  5 electric eels
  8 wights
  8 howler monkeys
  10 crimson imps
  5 bullfrog zombies
  A quasit (Abyss:4)
  10 starcursed masses (Abyss:4)
  6 centaur zombies
  3 bullfrog skeletons
  19 jellies
  25 orc priests
  5 centaur skeletons
  7 hounds
  Natasha (thrice) (D:2)
  6 iguanas
  51 orc wizards
  Terence (D:3)
  7 hell rats (Lair:4)
  19 worker ants
  2 big kobold zombies (Ossuary)
  2 mummies (Ossuary)
  A hound skeleton (D:8)
  A worker ant zombie (D:11)
  6 gnolls
  2 river rats (Lair:2)
  10 adders
  3 shadow imps
  A white imp (Depths:2)
  2 oozes
  An adder zombie (D:8)
  6 worms
  2 adder skeletons
  A ball lightning (Swamp:1)
  A dart slug (D:1)
  114 orcs
  A ball python (D:1)
  9 bats
  5 giant cockroaches
  5 gnoll zombies
  2 hobgoblins
  3 jackals (D:1)
  6 quokkas
  A ball python zombie (D:5)
  3 frilled lizards
  4 goblin zombies (Ossuary)
  A hobgoblin zombie (Ossuary)
  18 kobolds
  3 orc zombies (Ossuary)
  A quokka skeleton (D:8)
  A quokka zombie (D:6)
  9 rats
  3 briar patches
  A crawling corpse (Elf:3)
  A fungus (Elf:3)
  2 lurking horrors (WizLab)
  2 plants (D:11)
2245 creatures vanquished.

Vanquished Creatures (others)
  2 deep elf master archers (Elf:3)
  An eldritch tentacle (WizLab)
  A sphinx (Vaults:5)
  A ghost moth (Zot:3)
  The ghost of mortelune the Scorcher, an adept DEFE of Vehumet (Swamp:1)
  3 stone giants (Depths:2)
  5 yaktaur captains
  A dancing weapon (Elf:2)
  2 deep elf archers (Elf:1)
  An orb spider (Spider:1)
  A moth of wrath (Zot:1)
  12 yaktaurs
  A slime creature (Swamp:4)
  An ice beast (D:9)
  An ogre (Vaults:5)
  14 ball lightnings (Swamp:1)
  3 orcs
  3 briar patches
  13 fungi
  37 plants
  20 withered plants (Gauntlet)
124 creatures vanquished.

Grand Total: 2369 creatures vanquished

Notes
Turn   | Place    | Note
-------+----------+-------------------------------------------
     0 | D:1      | Iamsoldier the Minotaur Fighter began the quest for the
                  | Orb.
     0 | D:1      | Reached XP level 1. HP: 19/19 MP: 0/0
   200 | D:1      | Reached XP level 2. HP: 27/27 MP: 1/1
   926 | D:2      | Found an iron altar of Okawaru.
   932 | D:2      | Reached skill level 4 in Shields
   932 | D:2      | Reached XP level 3. HP: 33/33 MP: 2/2
   933 | D:2      | Became a worshipper of Warmaster Okawaru
   957 | D:2      | Noticed Natasha
   962 | D:2      | Killed Natasha
   963 | D:2      | Reached XP level 4. HP: 40/40 MP: 3/3
  1025 | D:2      | Found a sacrificial altar of Ru.
  1254 | D:2      | Noticed Natasha
  1273 | D:2      | Killed Natasha
  1316 | D:2      | Noticed Natasha
  1324 | D:2      | Killed Natasha
  1430 | D:2      | Found a snail-covered altar of Cheibriados.
  1430 | D:2      | Found an ancient bone altar of Kikubaaqudgha.
  1438 | D:2      | Found a white marble altar of Elyvilon.
  1613 | D:3      | Reached XP level 5. HP: 40/47 MP: 4/4
  1916 | D:3      | You fall into a shaft and drop 3 floors!
  1926 | D:6      | Reached * piety under Okawaru
  1926 | D:6      | Reached skill level 5 in Maces & Flails
  1929 | D:5      | Entered Level 5 of the Dungeon
  1932 | D:5      | Reached XP level 6. HP: 22/55 MP: 5/5
  1941 | D:5      | Reached skill level 5 in Fighting
  1942 | D:5      | Reached skill level 5 in Armour
  2187 | D:5      | Noticed a +0 hand axe
  2187 | D:5      | Noticed a +0 dagger
  2188 | D:5      | Found a hide-covered altar of Uskayaw.
  2199 | D:5      | Reached skill level 5 in Shields
  2256 | D:5      | Noticed a sky beast
  2270 | D:5      | Killed a sky beast
  2332 | D:5      | Reached XP level 7. HP: 58/61 MP: 6/6
  2543 | D:4      | Found a sand-covered staircase.
  2571 | Ossuary  | Entered an ossuary
  2631 | Ossuary  | Reached ** piety under Okawaru
  2867 | D:4      | Found a staircase to the Ecumenical Temple.
  3205 | D:3      | Noticed Terence
  3212 | D:3      | Killed Terence
  3592 | D:3      | Found a glowing golden altar of the Shining One.
  4391 | D:5      | Reached skill level 6 in Shields
  4432 | D:5      | Identified the +2 whip of Hacking and Slashing {drain,
                  | Int+5}
  4452 | D:5      | Reached XP level 8. HP: 62/70 MP: 7/7
  4460 | D:5      | Found a basalt altar of Yredelemnul.
  4737 | D:6      | Found a shadowy altar of Dithmenos.
  5138 | D:6      | Reached skill level 7 in Shields
  5177 | D:6      | Found Nosipp's Gadget Boutique.
  5199 | D:6      | Bought a wand of digging (7) for 286 gold pieces
  5231 | D:6      | Reached *** piety under Okawaru
  5330 | D:6      | Found Plog's General Store.
  5339 | D:6      | Bought a potion of curing for 33 gold pieces
  5339 | D:6      | Bought a scroll of holy word for 82 gold pieces
  5339 | D:6      | Bought a scroll of silence for 82 gold pieces
  5380 | D:7      | Noticed a hippogriff
  5390 | D:7      | Killed a hippogriff
  5390 | D:7      | Reached skill level 1 in Invocations
  5390 | D:7      | Reached XP level 9. HP: 74/79 MP: 8/8
  6031 | D:7      | Found an opulent altar of Gozag.
  6173 | D:7      | Reached **** piety under Okawaru
  6173 | D:7      | Reached skill level 8 in Shields
  7030 | D:8      | Received a gift from Okawaru
  7030 | D:8      | Reached skill level 10 in Maces & Flails
  7042 | D:8      | Reached XP level 10. HP: 38/90 MP: 11/11
  7251 | D:8      | Noticed a three-headed hydra
  7264 | D:8      | Killed a three-headed hydra
  7390 | D:8      | Reached skill level 9 in Shields
  7407 | D:8      | Noticed a purple ugly thing
  7432 | D:8      | Killed a purple ugly thing
  7453 | D:8      | Reached ***** piety under Okawaru
  7495 | D:8      | Noticed a manticore
  7495 | D:8      | Noticed a two-headed ogre
  7523 | D:8      | Killed a two-headed ogre
  7523 | D:8      | Reached skill level 5 in Invocations
  7532 | D:8      | Killed a manticore
  7551 | D:8      | Noticed a tengu warrior
  7571 | D:8      | Killed a tengu warrior
  7574 | D:8      | Received a gift from Okawaru
  7574 | D:8      | Reached XP level 11. HP: 93/99 MP: 6/14
  7578 | D:8      | Noticed a two-headed ogre
  7588 | D:8      | Killed a two-headed ogre
  7588 | D:8      | Reached skill level 10 in Fighting
  7598 | D:8      | Reached skill level 10 in Shields
  7772 | D:8      | Reached skill level 10 in Armour
  7975 | D:8      | Found a hazy altar of Hepliaklqana.
  8270 | D:9      | Noticed Pikel
  8278 | D:9      | Killed Pikel
  8315 | D:9      | Gained mutation: Scrolls take you a little longer to read.
                  | [potion of mutation]
  8315 | D:9      | Lost mutation: Scrolls take you a little longer to read.
                  | [potion of mutation]
  8315 | D:9      | Gained mutation: You have sharp fingernails. [potion of
                  | mutation]
  8315 | D:9      | Gained mutation: You can translocate small distances at
                  | will. [potion of mutation]
  8448 | D:9      | Found a burning altar of Makhleb.
  8450 | D:9      | Found a glowing silver altar of Zin.
  8452 | D:9      | Noticed an angel
  8453 | D:9      | Noticed a blizzard demon
  9035 | D:9      | Found a staircase to the Orcish Mines.
  9112 | D:9      | Noticed Prince Ribbit
  9116 | D:9      | Killed Prince Ribbit
  9116 | D:9      | Reached skill level 1 in Evocations
  9265 | D:10     | Entered Level 10 of the Dungeon
  9533 | D:10     | Reached ****** piety under Okawaru
  9560 | D:10     | Received a gift from Okawaru
  9642 | D:10     | Noticed a two-headed ogre
  9655 | D:10     | Killed a two-headed ogre
  9718 | D:10     | Found a runed translucent gate.
  9718 | D:10     | Found a runed translucent gate.
  9719 | D:10     | Found a runed translucent gate.
  9720 | D:10     | Noticed a nine-headed hydra
  9720 | D:10     | Noticed Ukyar's ghost (journeyman TrFi)
 10202 | D:11     | Found a staircase to the Lair.
 10410 | D:11     | Noticed a two-headed ogre
 10421 | D:11     | Killed a two-headed ogre
 11064 | D:12     | Found a gate leading to a gauntlet.
 11082 | D:12     | Reached skill level 11 in Shields
 11082 | D:12     | Reached XP level 12. HP: 101/108 MP: 16/16
 11094 | Gauntlet | Entered a Gauntlet
 11094 | Gauntlet | Found a transporter.
 11102 | Gauntlet | Found a transporter.
 11104 | Gauntlet | Found a transporter.
 11111 | Gauntlet | Found a transporter.
 11126 | Gauntlet | Found a transporter.
 11131 | Gauntlet | Found a transporter.
 11144 | Gauntlet | Noticed a hell hog
 11148 | Gauntlet | Found a transporter.
 11163 | Gauntlet | Noticed an entropy weaver
 11165 | Gauntlet | Found a transporter.
 11177 | Gauntlet | Found a transporter.
 11189 | Gauntlet | Found a transporter.
 11189 | Gauntlet | Noticed a balrug
 11201 | Gauntlet | Found a transporter.
 11213 | Gauntlet | Found a transporter.
 11213 | Gauntlet | Noticed a great orb of eyes
 11231 | Gauntlet | Found a transporter.
 11249 | Gauntlet | Found a transporter.
 11251 | Gauntlet | Found a transporter.
 11278 | Gauntlet | Found a transporter.
 11280 | Gauntlet | Found a transporter.
 11326 | Gauntlet | Found a transporter.
 11751 | Gauntlet | Got a faintly glowing cloak
 11761 | Gauntlet | Identified the +2 cloak "Yjiprevo" {rC+ rCorr Int+2 SInv}
                  | (You found it in a Gauntlet)
 11853 | Gauntlet | Killed an entropy weaver
 12104 | Gauntlet | Got a pair of faintly humming boots
 12114 | Gauntlet | Identified the +0 pair of boots "Depoq" {*Drain rF- rC+++
                  | Str+8} (You found it in a Gauntlet)
 12133 | Gauntlet | Identified the ring of the Spinneret {rPois rF- rC+ rN+}
 12133 | Gauntlet | Noticed a minotaur
 12150 | Gauntlet | Killed a minotaur
 12332 | D:12     | Noticed Fannar
 12374 | D:12     | Killed Fannar
 12393 | D:12     | Noticed Nessos
 12424 | D:12     | Killed Nessos
 12424 | D:12     | Received a gift from Okawaru
 12874 | D:12     | Reached skill level 12 in Shields
 12897 | D:12     | Noticed Nergalle
 12898 | D:12     | Noticed Urug
 12926 | D:12     | Killed Urug
 12926 | D:12     | Reached skill level 5 in Evocations
 12949 | D:12     | Killed Nergalle
 13267 | Lair:1   | Entered Level 1 of the Lair of Beasts
 13508 | Lair:1   | Reached XP level 13. HP: 119/119 MP: 18/18
 13919 | Lair:1   | Received a gift from Okawaru
 14590 | Lair:2   | Found the +7 Kryia's mail coat {PotionHeal*2 rC+}
 14986 | Lair:2   | Reached skill level 1 in Dodging
 15596 | Lair:3   | Found a staircase to the Swamp.
 15959 | Lair:3   | Found a runed translucent door.
 15961 | Lair:3   | Noticed Deesahac's ghost (journeyman BaFi)
 15963 | Lair:3   | Identified the +8 trident "Agir Egi" {flame, +Blink rC+}
 16024 | Lair:3   | Killed Deesahac's ghost
 16611 | Lair:4   | Found a hole to the Spider Nest.
 16620 | Lair:4   | Reached skill level 5 in Dodging
 16633 | Lair:4   | Reached skill level 13 in Shields
 17111 | Lair:5   | Received a gift from Okawaru
 17489 | Lair:5   | Reached XP level 14. HP: 100/129 MP: 19/19
 17848 | Lair:5   | Received a gift from Okawaru
 18289 | Lair:6   | Entered Level 6 of the Lair of Beasts
 18667 | Lair:6   | Received a gift from Okawaru
 19284 | Lair:6   | Found a staircase to the Slime Pits.
 19568 | Orc:1    | Entered Level 1 of the Orcish Mines
 19572 | Orc:1    | Reached skill level 14 in Shields
 19757 | Orc:1    | Found a roughly hewn altar of Beogh.
 19970 | Orc:2    | Entered Level 2 of the Orcish Mines
 20038 | Orc:2    | Found a staircase to the Elven Halls.
 20320 | Orc:2    | Noticed Maurice
 20338 | Orc:2    | Killed Maurice
 20840 | Orc:2    | Found Zotefim's Magic Scroll Shoppe.
 20862 | Orc:2    | Bought a scroll of teleportation for 42 gold pieces
 20862 | Orc:2    | Bought a scroll of teleportation for 42 gold pieces
 20881 | Orc:2    | Found an ancient bone altar of Kikubaaqudgha.
 20917 | Orc:2    | Paralysed by an orc sorcerer for 3 turns
 20961 | Orc:2    | Found a radiant altar of Vehumet.
 20996 | Orc:2    | Found a roughly hewn altar of Beogh.
 20997 | Orc:2    | Found Aneyliny's Antique Weapon Shoppe.
 20998 | Orc:2    | Paralysed by an orc sorcerer for 6 turns
 21085 | Orc:2    | Found Edwiapa's Antique Weapon Shoppe.
 21117 | Orc:2    | Bought a jewelled flail for 306 gold pieces
 21177 | Orc:2    | Found Zililam's Gadget Emporium.
 21203 | Orc:2    | Bought a wand of digging (2) for 216 gold pieces
 21203 | Orc:2    | Bought a wand of acid (10) for 504 gold pieces
 21203 | Orc:2    | Bought a wand of iceblast (6) for 180 gold pieces
 21203 | Orc:2    | Bought a wand of iceblast (12) for 288 gold pieces
 21346 | Orc:2    | Identified the +8 flail of Destiny {venom, rPois rF- rN+}
                  | (You bought it in a shop on level 2 of the Orcish Mines)
 21488 | D:13     | Reached XP level 15. HP: 126/139 MP: 20/20
 21691 | D:13     | Received a gift from Okawaru
 21703 | D:13     | Got a crude hat {god gift}
 21713 | D:13     | Identified the +0 hat of Repulsion {+Blink rN+} (Okawaru
                  | gifted it to you on level 13 of the Dungeon)
 22361 | D:14     | Found Seryoh's Demolitions Depot.
 22431 | D:14     | Found a gate to the Vaults.
 22800 | D:15     | Entered Level 15 of the Dungeon
 22828 | D:15     | Found a shimmering blue altar of Sif Muna.
 23089 | D:15     | Reached skill level 15 in Fighting
 23281 | D:15     | Found a roughly hewn altar of Beogh.
 23455 | D:15     | Found a staircase to the Depths.
 23961 | Swamp:1  | Entered Level 1 of the Swamp
 24021 | Swamp:1  | Noticed Roxanne
 24059 | Swamp:1  | Killed Roxanne
 24260 | Swamp:1  | Reached skill level 15 in Armour
 24260 | Swamp:1  | Reached skill level 10 in Dodging
 24754 | Swamp:1  | Found a runed translucent gate.
 24775 | Swamp:1  | Reached skill level 15 in Shields
 24809 | Swamp:1  | Found a runed translucent gate.
 24809 | Swamp:1  | Found a runed translucent gate.
 24811 | Swamp:1  | Noticed mortelune's ghost (adept DEFE)
 24835 | Swamp:1  | Killed mortelune's ghost
 25969 | Swamp:2  | Received a gift from Okawaru
 26304 | Swamp:3  | Noticed a thorn hunter
 26321 | Swamp:3  | Killed a thorn hunter
 26321 | Swamp:3  | Reached XP level 16. HP: 126/150 MP: 21/21
 27014 | Swamp:4  | Entered Level 4 of the Swamp
 27091 | Swamp:4  | Noticed a thorn hunter
 27113 | Swamp:4  | Killed a thorn hunter
 27158 | Swamp:4  | Received a gift from Okawaru
 27778 | Swamp:4  | Noticed a thorn hunter
 27796 | Swamp:4  | Killed a thorn hunter
 28058 | Swamp:4  | Noticed the 27-headed Lernaean hydra
 28073 | Swamp:4  | Killed the 27-headed Lernaean hydra
 28073 | Swamp:4  | Received a gift from Okawaru
 28082 | Swamp:4  | Identified the +6 mace of the Harvest {venom, rPois}
                  | (Okawaru gifted it to you on level 4 of the Swamp)
 28164 | Swamp:4  | Got a decaying rune of Zot
 28384 | Swamp:4  | Reached skill level 16 in Shields
 28788 | Vaults:1 | Entered Level 1 of the Vaults
 29185 | Vaults:1 | Reached XP level 17. HP: 107/160 MP: 22/22
 29655 | Vaults:1 | Received a gift from Okawaru
 30692 | Vaults:2 | Found Ocluibis's Weapon Shop.
 30735 | Vaults:2 | Found Qiuhine's Food Boutique.
 30746 | Vaults:2 | Received a gift from Okawaru
 30759 | Vaults:2 | Found Ycupp's Weapon Shop.
 31239 | Vaults:2 | Received a gift from Okawaru
 31280 | Vaults:2 | Identified the +1 eveningstar "Fenlitt" {drain, rF+ rC+}
                  | (Okawaru gifted it to you on level 2 of the Vaults)
 31714 | Vaults:2 | Reached skill level 17 in Shields
 31715 | Vaults:2 | Found a staircase to the Crypt.
 32122 | Vaults:2 | Found Hezxakk's Antique Armour Emporium.
 32364 | Vaults:3 | Found Wulaheca's Food Emporium.
 32729 | Vaults:3 | Found Xiank's Weapon Shop.
 32750 | Vaults:3 | Found Itsirph's Book Emporium.
 32822 | Vaults:3 | Reached XP level 18. HP: 165/171 MP: 23/23
 32829 | Vaults:3 | Received a gift from Okawaru
 32916 | Vaults:3 | Noticed Asterion
 32929 | Vaults:3 | Killed Asterion
 33146 | Vaults:3 | Noticed Mennas
 33202 | Vaults:3 | Killed Mennas
 33202 | Vaults:3 | Received a gift from Okawaru
 33439 | Vaults:3 | Identified the +1 morningstar "Waot Woq" {drain, rPois rF+
                  | Dex+4} (Okawaru gifted it to you on level 3 of the Vaults)
 33763 | Vaults:3 | Found Buvvyf's Armour Boutique.
 34462 | Vaults:4 | Found Pisizizi's General Store.
 34465 | Vaults:4 | Bought 2 potions of curing for 120 gold pieces
 34465 | Vaults:4 | Bought a scroll of teleportation for 60 gold pieces
 34885 | Vaults:4 | Got a faintly glowing iron ring
 34895 | Vaults:4 | Identified the ring of Idealism {rN+ Str+4 Dex+3 Stlth+}
                  | (You found it on level 4 of the Vaults)
 34942 | Vaults:4 | Received a gift from Okawaru
 35124 | Vaults:4 | Reached skill level 18 in Shields
 35307 | Vaults:4 | Found Yfiumo's Book Shop.
 35564 | Vaults:4 | Found Qequseos's Jewellery Boutique.
 35568 | Vaults:4 | Found Ducruijo's Jewellery Boutique.
 35575 | Vaults:4 | Bought a +3 amulet of reflection for 251 gold pieces
 35686 | Vaults:4 | Found Awavat's Armour Shoppe.
 35765 | Vaults:4 | Found Miog's Magic Scroll Shop.
 35771 | Vaults:4 | Bought a scroll of blinking for 127 gold pieces
 35771 | Vaults:4 | Bought a scroll of blinking for 127 gold pieces
 35771 | Vaults:4 | Bought a scroll of fear for 59 gold pieces
 36177 | Spider:1 | Entered Level 1 of the Spider Nest
 36285 | Spider:1 | Noticed Donald
 36307 | Spider:1 | Killed Donald
 36692 | Spider:1 | Noticed Azrael
 36698 | Spider:1 | Killed Azrael
 36981 | Spider:2 | Reached XP level 19. HP: 181/181 MP: 24/24
 37596 | Spider:2 | Received a gift from Okawaru
 37839 | Spider:2 | Reached skill level 15 in Dodging
 38260 | Spider:3 | Received a gift from Okawaru
 38471 | Spider:4 | Entered Level 4 of the Spider Nest
 38850 | Spider:4 | Reached skill level 19 in Shields
 38853 | Spider:4 | Received a gift from Okawaru
 39178 | Spider:4 | Got a gossamer rune of Zot
 39810 | Elf:1    | Entered Level 1 of the Elven Halls
 40221 | Elf:1    | Reached XP level 20. HP: 193/193 MP: 25/25
 40420 | Elf:1    | Identified the Catalogue of the Twisted Blaze
 40584 | Elf:1    | Noticed Kirke
 40592 | Elf:1    | Killed Kirke
 40851 | Elf:2    | Received a gift from Okawaru
 40884 | Elf:2    | Found a flickering gateway to a bazaar.
 40891 | Bazaar   | Entered a bazaar
 40891 | Bazaar   | Found Itaanox's Magic Scroll Boutique.
 40895 | Bazaar   | Bought a scroll of blinking for 52 gold pieces
 40895 | Bazaar   | Bought a scroll of teleportation for 21 gold pieces
 40901 | Bazaar   | Found Ofome's Antique Weapon Shoppe.
 40909 | Bazaar   | Found Rucri's General Store.
 40917 | Bazaar   | Bought a potion of resistance for 110 gold pieces
 40917 | Bazaar   | Bought a potion of curing for 33 gold pieces
 40931 | Bazaar   | Found Kocuaq's Antique Armour Emporium.
 40939 | Bazaar   | Found Qajemug's Gadget Emporium.
 41221 | Elf:2    | Found a huge runed translucent gate.
 41221 | Elf:2    | Found a huge runed translucent gate.
 41222 | Elf:2    | Found a huge runed translucent gate.
 41222 | Elf:2    | Found a huge runed translucent gate.
 41223 | Elf:2    | Found a huge runed translucent gate.
 42050 | Elf:3    | Entered Level 3 of the Elven Halls
 42069 | Elf:3    | Received a gift from Okawaru
 42105 | Elf:3    | Got a brightly glowing tin ring
 42106 | Elf:3    | Identified the ring of Ihel {Wiz +Blink +Fly} (You found it
                  | on level 3 of the Elven Halls)
 42365 | Elf:3    | Cast into level 4 of the Abyss (a deep elf sorcerer)
 42371 | Abyss:4  | Found a corrupted altar of Lugonu.
 42426 | Abyss:4  | Paralysed by accursed screaming for 1 turns
 42432 | Abyss:4  | Paralysed by accursed screaming for 1 turns
 42728 | Elf:3    | Escaped the Abyss
 42771 | Elf:3    | Reached skill level 20 in Shields
 42902 | Elf:3    | HP: 9/195 [earth elemental[a deep elf elementalist] (2)]
 43540 | Elf:3    | Identified the +4 triple sword "Zonin" {venom, rElec Int+4}
 43540 | Elf:3    | Identified the +1 robe "Ufontot" {Str+2}
 43709 | Elf:3    | Reached XP level 21. HP: 133/202 MP: 24/26
 44535 | Elf:3    | Received a gift from Okawaru
 44546 | Elf:3    | Got a crude silver ring
 44640 | Elf:3    | Identified the Guide on Air and Confrontation
 44645 | Elf:3    | Identified the Catalogue of Self-Improvement and the
                  | Mountains
 44650 | Elf:3    | Identified Sif Muna's Collected Works on Cold and the Birds
 44677 | Elf:3    | Identified the Papyrus of the Frostbite
 45150 | Vaults:5 | Entered Level 5 of the Vaults
 45310 | Vaults:5 | Identified the ring of Sytot {rC+ rN+ Dex+6} (You found it
                  | on level 3 of the Elven Halls)
 45335 | Vaults:5 | Noticed a golden dragon
 45349 | Vaults:5 | Killed a golden dragon
 45390 | Vaults:5 | Received a gift from Okawaru
 45395 | Vaults:5 | Reached skill level 15 in Maces & Flails
 45441 | Vaults:5 | Identified the cursed +1 triple sword of Pocoecer {flame,
                  | Dex+7}
 46008 | Vaults:5 | Identified the cursed ring "Bacsisue" {MR+ Int-2}
 46118 | Vaults:5 | Received a gift from Okawaru
 46118 | Vaults:5 | Reached XP level 22. HP: 201/213 MP: 27/27
 46140 | Vaults:5 | Identified Lom Lobon's Compendium of Translocation
 46261 | Vaults:5 | Reached skill level 21 in Shields
 46580 | Vaults:5 | Noticed a golden dragon
 46588 | Vaults:5 | Killed a golden dragon
 46774 | Vaults:5 | Received a gift from Okawaru
 46809 | Vaults:5 | Got a silver rune of Zot
 47338 | Depths:1 | Entered Level 1 of the Depths
 47374 | Depths:1 | Found a one-way gate to the infinite horrors of the Abyss.
 47463 | Depths:1 | Found a magical portal.
 47496 | WizLab   | Found a transporter.
 47504 | WizLab   | Found a corrupted altar of Lugonu.
 47505 | WizLab   | Found the +1 cloak of Starlight {rElec rC+ EV+4 Stlth--}
 47847 | WizLab   | Found a transporter.
 47859 | WizLab   | Found a transporter.
 47985 | WizLab   | Found a transporter.
 47986 | WizLab   | Found a transporter.
 47998 | WizLab   | Found a transporter.
 47998 | WizLab   | Found a transporter.
 48026 | WizLab   | Found a transporter.
 48026 | WizLab   | Found a transporter.
 48059 | WizLab   | Found a transporter.
 48077 | WizLab   | Got a brightly glowing copper ring
 48116 | WizLab   | Found a transporter.
 48116 | WizLab   | Found a transporter.
 48360 | WizLab   | Found a transporter.
 48360 | WizLab   | Found a transporter.
 48382 | WizLab   | Identified Golubria's Almanac of Displacement
 48485 | WizLab   | Found a transporter.
 48485 | WizLab   | Found a transporter.
 48492 | WizLab   | Found a corrupted altar of Lugonu.
 48499 | WizLab   | Identified Golubria's Catalogue of Dislocation
 48508 | WizLab   | Found a transporter.
 48508 | WizLab   | Found a transporter.
 48557 | WizLab   | Found a transporter.
 48557 | WizLab   | Found a transporter.
 48646 | Depths:1 | Identified the cursed ring "Xeghein" {Int+4 Dex-3 Stlth+}
                  | (You found it in a wizard's laboratory)
 48785 | Depths:1 | Noticed Nikola
 48798 | Depths:1 | Killed Nikola
 48840 | Depths:1 | Found a gateway to Hell.
 49368 | Depths:2 | Noticed Louise
 49385 | Depths:2 | Killed Louise
 49696 | Depths:2 | Reached XP level 23. HP: 217/223 MP: 28/28
 49699 | Depths:2 | Received a gift from Okawaru
 49712 | Depths:2 | Identified the +11 mace of Awkwardness {drain, Fragile
                  | Dex+6} (Okawaru gifted it to you on level 2 of the Depths)
 49840 | D:14     | Bought a manual of Evocations for 1545 gold pieces
 50098 | Depths:2 | Found a gateway to a ziggurat.
 50744 | Depths:2 | Identified the ring of Amal {Dex+2 Slay+4}
 50748 | Depths:2 | Reached skill level 10 in Evocations
 51065 | Depths:2 | You fall into a shaft and drop 2 floors!
 51228 | Depths:4 | Found a portal to a secret trove of treasure.
 51355 | Depths:3 | Received a gift from Okawaru
 51383 | Depths:3 | Found a transporter.
 51405 | Depths:3 | Found a transporter.
 51408 | Depths:3 | Noticed a juggernaut
 52349 | Depths:3 | Found a one-way gate leading to the halls of Pandemonium.
 53160 | Depths:4 | You paid a toll of +8 fire dragon scales to enter a
                  | treasure trove
 53161 | Trove    | Entered a treasure trove
 53175 | Trove    | Identified Sif Muna's First Steps in Spellweaving
 53393 | Depths:4 | Received a gift from Okawaru
 53396 | Depths:4 | Identified the +2 hat of the Eternal Fruit {rElec rF-
                  | Str+3} (Okawaru gifted it to you on level 4 of the Depths)
 53430 | Depths:4 | Found a shimmering blue altar of Sif Muna.
 53488 | Depths:4 | Reached skill level 22 in Shields
 53514 | Depths:4 | Identified the Tome of Shifting Augmentations
 53874 | Depths:4 | Noticed an ancient lich
 53884 | Depths:4 | Killed an ancient lich
 53895 | Depths:4 | Identified Noddodal's Handbook of Changing and Summoning
 53897 | Depths:4 | Identified the Collected Works on the Frostbite and the
                  | Entourage
 53912 | Depths:4 | Identified Sif Muna's Almanac of Assistive Ignition
 53983 | Depths:5 | Entered Level 5 of the Depths
 54023 | Depths:5 | Reached XP level 24. HP: 235/235 MP: 29/30
 54126 | Depths:5 | Received a gift from Okawaru
 54589 | Depths:5 | Reached skill level 23 in Shields
 54687 | Depths:5 | Found a gate to the Realm of Zot.
 55517 | Slime:1  | Entered Level 1 of the Pits of Slime
 55890 | Slime:1  | Gained mutation: You are frail. (-10% HP) [a shining eye]
 55898 | Slime:1  | Gained mutation: You are occasionally teleported next to
                  | monsters. [a shining eye]
 56127 | Slime:2  | Received a gift from Okawaru
 56130 | Slime:2  | Gained mutation: You are clumsy. (Dex -2) [a shining eye]
 56640 | Slime:3  | Received a gift from Okawaru
 56679 | Slime:3  | Identified the +9 morningstar of Peprotergh {vamp, rF++}
                  | (Okawaru gifted it to you on level 3 of the Pits of Slime)
 57665 | Slime:4  | Received a gift from Okawaru
 57667 | Slime:4  | Gained mutation: Armour fits poorly on your strangely
                  | shaped body. [a shining eye]
 57669 | Slime:4  | Gained mutation: Your magical capacity is low. (-10% MP) [a
                  | shining eye]
 58015 | Slime:4  | Identified a +2 pair of boots of running (Okawaru gifted it
                  | to you on level 4 of the Pits of Slime)
 58330 | Slime:5  | Entered Level 5 of the Pits of Slime
 58338 | Slime:5  | Reached skill level 24 in Shields
 58693 | Slime:5  | Noticed the Royal Jelly
 58697 | Slime:5  | Found a viscous altar of Jiyva.
 58705 | Slime:5  | Killed the Royal Jelly
 58705 | Slime:5  | Reached XP level 25. HP: 212/220 MP: 21/27
 58718 | Slime:5  | Paralysed by a floating eye for 2 turns
 58727 | Slime:5  | Paralysed by a floating eye for 4 turns
 58752 | Slime:5  | Found the +8 glaive of the Guard {elec, +Rage AC+5 SInv}
 58795 | Slime:5  | Identified the Papyrus of Summoning and Execration
 58808 | Slime:5  | Got a crude lapis lazuli ring
 58809 | Slime:5  | Identified the ring "Exiuz" {rF+ rN+} (You found it on
                  | level 5 of the Pits of Slime)
 58827 | Slime:5  | Got a slimy rune of Zot
 59661 | Zot:1    | Entered Level 1 of the Realm of Zot
 60192 | Zot:1    | Received a gift from Okawaru
 60982 | Zot:1    | Reached skill level 25 in Shields
 61163 | Zot:2    | Received a gift from Okawaru
 61171 | Zot:2    | Noticed a Killer Klown
 61189 | Zot:2    | Killed a Killer Klown
 61225 | Zot:3    | Noticed a Killer Klown
 61226 | Zot:3    | Found a transporter.
 61232 | Zot:3    | Found a transporter.
 61315 | Zot:5    | Entered Level 5 of the Realm of Zot
 61519 | Zot:5    | Noticed an ancient lich
 61519 | Zot:5    | Noticed a Killer Klown
 61522 | Zot:5    | Noticed an orb of fire
 61522 | Zot:5    | Noticed a Killer Klown
 61534 | Zot:5    | Noticed an ancient lich
 61545 | Zot:5    | Demolished by an Orb Guardian

Levels and vault maps discovered:
D:1:      dpeg_arrival_central, layout_basic
D:2:      layout_loops_ring, gammafunk_temple_overflow_claw,
          okawaru_metal_pillars_1_2, nicolae_ru_sacrificial_ziggurat,
          first_ration, uniq_natasha
D:3:      layout_basic, tso_altar, uniq_terence
D:4:      layout_loops_ring, minmay_temple_entry_statues_pillars,
          nicolae_ossuary_entry_false_entrances
D:5:      layout_basic, dancing_weapons_uskayaw, lemuel_zombie_altar_yredelemnul
D:6:      layout_basic, lemuel_doored_altar, serial_shops, nicolae_shop_trees,
          nicolae_shop_statue_plus
D:7:      layout_basic, grunt_gozag_breadcrumbs
D:8:      minmay_the_grid_square_5x5_3x3 [minmay_the_grid_square_5x5_trominoes,
          minmay_the_grid_square_5x5_inner_i, minmay_the_grid_square_5x5_c,
          minmay_the_grid_square_5x5_half_checkered,
          minmay_the_grid_square_5x5_megaprize_open,
          minmay_the_grid_square_5x5_v, minmay_the_grid_square_5x5_bridge,
          minmay_the_grid_square_5x5_beaten_path,
          minmay_the_grid_square_5x5_intrusive_squares], layout_rooms,
          nicolae_overflow_crystal_walls, hangedman_ranch
          [blue_anna_fruit_fields], minmay_holes
D:9:      layout_rooms, grunt_temple_overflow_order_and_chaos_2,
          hiddenorc2_lemuel, nrook_pool_corridor, uniq_prince_ribbit1,
          uniq_pikel
D:10:     layout_basic, gammafunk_ghost_hydra_chop
D:11:     layout_small_grid, dpeg_oklobed_lair
D:12:     layout_rooms, gauntlet_entry_generic, uniq_nergalle, uniq_nessos,
          uniq_urug, uniq_fannar
D:13:     layout_roguey
D:14:     layout_loops_ring, erik_vaults_1, roderic_st_hans_cross,
          nicolae_blasting_shop
D:15:     grunt_enter_depths_hoard, layout_small_grid, special_room
          [special_room_orc], tgw_sif, minmay_splitting_lines
Lair:1:   beast_lair_carwin_large_3, layout_cave_pods,
          grunt_forest_large_clearing_hut, serial_bayou_shore_b
Lair:2:   layout_hall_layers, pond, serial_bayou_shore_a
Lair:3:   layout_gridlike, swamp_mist, ebering_ghost_funeral_grove,
          grunt_megastairs_5
Lair:4:   layout_misc_corridors, nicolae_spider_entry_non_spiders
Lair:5:   layout_layer_cave, serial_bayou_shore_b, grunt_megastairs_1
Lair:6:   minmay_lair_end_frog_pond, layout_gridlike,
          minmay_slime_entry_jelly_boxes, nicolae_quartered_pool_little
Swamp:1:  layout_falls_marsh, ebering_ghost_rock_garden,
          infiniplex_staircase_pool, swamp_pool5, uniq_roxanne
Swamp:2:  layout_falls_marsh, evilmike_swamp_ruin_house_5, swamp_pool1
Swamp:3:  layout_basic_swamp, hangedman_swamp_cone
Swamp:4:  grunt_swamp_rune_castle, layout_basic_swamp
Spider:1: layout_spider_delve, uniq_azrael, uniq_donald
Spider:2: layout_spider_delve, worms_lemuel
Spider:3: layout_spider_delve
Spider:4: guppyfry_spider_rune, spiders_nest_spider_trap
Slime:1:  layout_caves, cheibrodos_slime_lost_civilization_6
Slime:2:  layout_caves
Slime:3:  layout_caves
Slime:4:  layout_caves
Slime:5
Orc:1:    layout_caves, basic_altar
Orc:2:    kennysheep_orc_mage_school, layout_caves, uniq_maurice
Elf:1:    elf_arrival_002, layout_geoelf_octagon,
          hangedman_elven_crosses_minicolossus, uniq_kirke
Elf:2:    layout_gridlike, serial_shops, bzr_entry_gold
Elf:3:    minmay_elf_hall_hex, layout_geoelf_octagon
Vaults:1: v_misc_23, nicolae_vaults_network_s, vaults_room_fancy_cross,
          v_misc_29, grunt_vaults_twisty, nicolae_vaults_mini_display_case,
          ontoclasm_vaults_spin, v_pattern_2, grunt_vaults_diagonal, v_misc_17,
          vaults_room_grid, st_check, vaults_dpeg_ring, layout_vaults_maze_bifur
Vaults:2: nicolae_vaults_network_periphery, v_misc_19,
          nicolae_vaults_halls_meeting, minmay_crypt_entry_simple_plaza,
          vaults_standard_mumra_x, v_alt_pattern_4, v_alt_pattern_1, v_misc_5,
          nicolae_vaults_hallways_thing, nicolae_vaults_shelves_hall,
          nicolae_vaults_border_crossing, nicolae_vaults_little_squares_3,
          layout_vaults_ring, serial_shops,
          nicolae_shop_temple_entry_statues_fountains, shop,
          nicolae_shop_crystal, shop
Vaults:3: hangedman_vaults_locks, v_misc_25, hangedman_vaults_river_flow,
          nicolae_vaults_little_squares_1, hangedman_vaults_snaps,
          ontoclasm_vaults_shuriken, v_alt_pattern_6, v_misc_28,
          hangedman_vaults_impose, layout_vaults_omnigrid, serial_shops, shop,
          nicolae_shop_stone, shop, nicolae_shop_stone, uniq_mennas,
          uniq_asterion
Vaults:4: nicolae_vaults_disjoint_gnomons, vaults_room_semicircle,
          nicolae_vaults_disjoint_gnomons, nicolae_vaults_statue_guard,
          v_misc_26, vaults_mumra_chevron, vaults_room_mumra_shop_pool,
          vaults_dpeg_hooks, v_misc_9, v_rooms_4, v_misc_27, vaults_dpeg_cross,
          nicolae_vaults_ring_of_whatevers, layout_vaults_omnibox, serial_shops,
          shop, shop, shop, nicolae_shop_waterfront, shop
Vaults:5: serial_shops
Depths:1: layout_gridlike, lightli_too_deep, abyss_entry_small_statue_room,
          mu_enter_wizlab_4, kennysheep_generic_room_11, uniq_nikola
Depths:2: grunt_house_of_mirrors, layout_gridlike, enter_ziggurat_d,
          minmay_staircase_statues, nicolae_abyss_entry_one_way_or_another,
          hangedman_coc_ice_floe, grunt_ministairs_13, minmay_misc_feat_five,
          st_stairs_4
Depths:3: gammafunk_the_bubble [the_bubble_gammafunk_grid], layout_basic,
          pan_entry, minmay_fountain_box, hell_entry, grunt_megastairs_2
Depths:4: evilmike_library_of_no_secrets, layout_long_grid, serial_sigils,
          serial_sigils_hangedman_scratch, serial_sigils_hangedman_snap,
          serial_sigils_hangedman_gnaw, serial_sigils_hangedman_stare,
          serial_sigils_hangedman_clutch, enter_trove_0, hell_entry, abyss_entry
Depths:5: evilmike_zot_entry_hall, layout_basic, pf_hell_entry_tar_river
Zot:1:    lemuel_draconian_sentries_small, layout_gridlike, grunt_megastairs_4
Zot:2:    layout_misc_corridors, st_stairs_10
Zot:3:    gammafunk_sealed_arena, layout_misc_corridors, st_stairs_13
Zot:4:    layout_cathedral_of_symmetry
Zot:5:    layout_misc_corridors

Skill      XL: |  1  2  3  4  5  6  7  8  9 10 11 12 13 14 15 16 17 18 19 20 21 22 23 24 25 |
---------------+----------------------------------------------------------------------------+-----
Maces & Flails | 3 4 5 6 7 9 10 11 12 13 14 16 | 16.0
Fighting       | 4 5 6 7 8 9 10 12 13 14 15 16 17 18 19 20 21 22 23 24 | 24.8
Armour         | 4 5 6 7 8 9 10 12 13 14 15 16 17 18 19 20 21 22 23 24 | 24.7
Shields        | 4 5 6 7 8 9 11 12 13 14 15 16 17 18 19 20 21 22 24 25 | 25.0
Invocations    | 1 3 5 7 8 9 |  9.0
Evocations     | 2 5 6 8 9 11 | 11.0
Dodging        | 6 9 10 12 13 14 15 16 17 18 19 20 21 | 21.6

Action                   |  1- 3 |  4- 6 |  7- 9 | 10-12 | 13-15 | 16-18 | 19-21 | 22-24 | 25-27 || total
-------------------------+-------+-------+-------+-------+-------+-------+-------+-------+-------++-------
Melee: Flail             |    64 |       |       |       |   621 |  1523 |  1358 |       |       ||  3566
       Headbutt          |     3 |    16 |    82 |   260 |   618 |   547 |   596 |   572 |   132 ||  2826
       Whip              |     7 |   132 |   426 |   977 |  1382 |       |       |       |       ||  2924
       Eveningstar       |       |       |       |       |       |       |   369 |  1551 |    48 ||  1968
       Morningstar       |       |       |       |       |       |       |       |       |   294 ||   294
Invok: Heroism           |       |       |       |     9 |    13 |    14 |    25 |    16 |     7 ||    84
       Finesse           |       |       |       |     2 |     3 |     4 |    10 |     4 |       ||    23
 Abil: Blink             |       |       |       |     1 |       |     1 |     3 |     1 |       ||     6
Evoke: Wand              |       |       |       |     4 |    15 |     4 |     5 |     6 |     4 ||    38
  Use: Potion            |       |     2 |       |     7 |     1 |    11 |    11 |     4 |     2 ||    38
       Scroll            |       |       |    16 |    11 |     3 |    18 |    19 |    16 |    11 ||    94
 Stab: Confused          |       |       |       |       |     3 |     1 |       |       |       ||     4
       Paralysed         |       |       |       |       |    11 |       |       |       |       ||    11
       Invisible         |       |       |       |       |       |       |     1 |       |       ||     1
       Distracted        |       |       |       |       |       |       |       |     3 |       ||     3
  Eat: Chunk             |       |     4 |    14 |    23 |    41 |    30 |    21 |    26 |     4 ||   163
       Ration            |       |       |       |     1 |     1 |     2 |     3 |     4 |     4 ||    15
Armor: Scale mail        |    36 |    73 |    30 |       |       |       |       |       |       ||   139
       Chain mail        |       |       |   113 |    40 |       |       |       |       |       ||   153
       Plate armour      |       |       |       |   271 |   535 |   317 |       |       |       ||  1123
       Skin              |       |       |       |     2 |       |       |       |       |       ||     2
       Fire dragon scale |       |       |       |       |       |   161 |   316 |       |       ||   477
       Gold dragon scale |       |       |       |       |       |       |    11 |   285 |    99 ||   395
Dodge: Dodged            |    21 |    42 |    71 |   145 |   356 |   536 |   685 |   407 |   137 ||  2400
Block: Shield            |    45 |    58 |   166 |   420 |   422 |       |       |       |       ||  1111
       Large shield      |       |       |       |       |   857 |  1666 |  2103 |  1972 |   518 ||  7116
       Reflection        |       |       |       |       |       |     2 |   109 |   120 |     7 ||   238
